 Dungeon Crawl Stone Soup version 0.29.1-2-gbd0b4ee654 (webtiles) character file.

Game seed: 9980813473440281181

14831 RascalDebosk the Thaumaturge (level 12, -18/91 HPs)
             Began as a Djinni Conjurer on Oct 26, 2022.
             Was an Initiate of Ashenzari.
             Demolished by a titanic slime creature (95 damage)
             ... on level 11 of the Dungeon.
             The game lasted 01:42:11 (14984 turns).

RascalDebosk the Thaumaturge (Djinni Conjurer)     Turns: 14984, Time: 01:42:11

Health: -18/91     AC:  6    Str:  6    XL:     12   Next: 50%
Gold:   783        EV: 12    Int: 25    God:    Ashenzari [......] SH:  0 Dex: 12

rFire   + + .      SeeInvis .     - Blade Hands
rCold   x . .      Faith    .   (shield currently unavailable)
rNeg    . . .      Spirit   .   F - +0 troll leather armour
rPois   ∞          Reflect  .   E - +2 hat {Stlth+}
rElec   .          Harm     .   (no cloak)
rCorr   +          Rampage  .   (gloves currently unavailable)
Will    +....                   (boots unavailable)
Stlth   ++........              (no amulet)
HPRegen 1.05/turn               b - ring of wizardry
MPRegen 0.00/turn               q - ring of resist corrosion

@: blade hands, flying
A: flying, sickness immunity, fire resistance 2, cold vulnerability 1, float,
innate caster, HP casting, extra vitality 1
a: End Transformation, Renounce Religion, Curse Item


You were on level 11 of the Dungeon.
You worshipped Ashenzari.
Ashenzari was noncommittal.
You had blades for hands.
You visited 2 branches of the dungeon, and saw 12 of its levels.

You collected 1057 gold pieces.
You spent 274 gold pieces at shops.

Inventory:

Hand Weapons
 f - a +3 short sword of draining
 o - a +2 scimitar of freezing (melded)
 x - a +4 spear of venom
 C - a +4 great sword of freezing
Missiles
 G - 2 throwing nets {@!f}
Armour
 p - a +1 robe of willpower
 s - a +2 robe of resistance
 D - a +0 pair of gloves (melded)
 E - a +2 hat of stealth (worn)
 F - a +0 troll leather armour (worn)
Magical Staves
 y - a staff of earth
 B - a staff of fire
Jewellery
 b - a ring of wizardry (left blade hand)
 q - a ring of resist corrosion (right blade hand)
 z - a +6 ring of strength
Wands
 a - a wand of flame (28)
 M - a wand of acid (6)
Scrolls
 d - 3 scrolls of vulnerability
 k - a scroll of poison
 m - 4 scrolls of immolation
 n - a scroll of noise
 t - 7 scrolls of teleportation
 u - a scroll of enchant weapon {unknown}
 w - a scroll of magic mapping {unknown}
 A - a scroll of fear
 K - a scroll of summoning {unknown}
 L - a scroll of torment {unknown}
 N - a scroll of blinking {unknown}
Potions
 c - 6 potions of mutation
 e - a potion of heal wounds
 g - 2 potions of haste
 h - 3 potions of brilliance
 i - a potion of berserk rage {unknown}
 j - 7 potions of curing
 l - 3 potions of might
 r - 3 potions of resistance
 v - 2 potions of attraction
 I - a potion of degeneration
 J - a potion of lignification {unknown}
Miscellaneous
 H - a piece from Xom's chessboard (15/15)


   Skills:
 + Level 10.3 Fighting
 + Level 4.5 Armour
 - Level 5.0 Dodging
 - Level 1.5 Stealth
 * Level 11.7 Spellcasting
 - Level 5.0 Evocations


You had 6 spell levels left.
You knew the following spells:

 Your Spells              Type           Power      Damage    Failure   Level
a - Magic Dart            Conj           100%       1d8       2%          1
b - Searing Ray           Conj           100%       2d8       2%          2
c - Dazzling Flash        Conj/Hex       100%       N/A       3%          3
d - Fulminant Prism       Conj/Hex       32%        3d16      4%          4
e - Iskenderun's Mystic   Conj/Tloc      65%        2d13      4%          4
f - Shock                 Conj/Air       100%       1d9       2%          1
g - Poisonous Vapours     Pois/Air       100%       N/A       2%          2
h - Call Imp              Summ           65%        N/A       2%          2
i - Airstrike             Air            32%        2d(5-21)  4%          4
j - Blade Hands           Tmut           32%        N/A       7%          5
Your spell library was empty.

Dungeon Overview and Level Annotations

Branches:
Dungeon (11/15)            Temple (1/1) D:7            Lair (0/5) D:11
    Orc: D:9-12

Altars:
Ashenzari
Cheibriados
Dithmenos
Elyvilon
Fedhas
Gozag
Hepliaklqana
Makhleb
Nemelex Xobeh
Okawaru
Qazlal
Ru
Trog
Uskayaw
Wu Jian
Xom
Yredelemnul
Zin
The Shining One

Shops:
D:4 [**


Innate Abilities, Weirdness & Mutations

You have blades for hands.
You are flying.
Your spellcasting is less reliable in this form.
You are incapable of wielding weapons or throwing items.
You are immune to sickness and miasma.
You are immune to poison.
Your flesh is very heat resistant. (rF++)
You are vulnerable to cold. (rC-)
You float through the air rather than walking.
You learn spells naturally, not from books.
Your magical power is your life essence.
You have superior vitality. (+4 MHP)


Message History

Your hands turn into razor-sharp scythe blades.
Your +2 scimitar of freezing melds into your body.
Your +0 pair of gloves melds into your body.
Your +2 scimitar of freezing stops glowing.
The slime creature quivers.
A slime creature merges with something you can't see.
Your fulminant prism crackles loudly.
Ashenzari invites you to partake of a vision and a curse of cunning and evocations.
A slime creature comes into view.
A slime creature merges with something you can't see.
Your fulminant prism explodes!
The blast of energy engulfs the slime creature!!!
The slime creature is severely wounded.
The slime creature quivers.
You hear a shout! x8
Casting: Blade Hands (dangerous; 7% risk of failure)
Confirm with . or Enter, or press ? or * to list all spells.
Aiming: Fulminant Prism (dangerous; 4% risk of failure)
Press: ? - help, Dir - move target You conjure a prism of explosive energy!
A fulminant prism comes into view.
An orc comes into view.
It is wielding a +2 short sword of draining.
A slime creature merges with something you can't see.
Your fulminant prism crackles loudly.
An orc comes into view. It is wielding a +0 short sword.
An orc comes into view. It is wielding a +0 club.
Your fulminant prism explodes!
The blast of energy engulfs the orc!!
You kill the orc!
You hear a shout! x5
A slime creature comes into view.
A slime creature comes into view.
An orc warrior comes into view. It is wielding a +0 flail.
The orc warrior shouts!
The enormous slime creature quivers.
A two-headed ogre comes into view. It is wielding two +0 giant clubs.
An orc comes into view. It is wielding a +0 dagger.
An orc comes into view.
It is wielding a +1 short sword of flaming.
An orc priest comes into view. It is wielding a +0 whip.
The slime creature quivers.
You slash the enormous slime creature!
The enormous slime creature is severely wounded.
A gargoyle comes into view. It is wielding a +0 mace.
Two slime creatures merge to form a titanic slime creature.
Casting: Fulminant Prism (dangerous; 4% risk of failure)
Confirm with . or Enter, or press ? or * to list all spells.
You erupt in a blast of force!
The mystic blast hits the titanic slime creature!
The titanic slime creature is severely wounded.
The titanic slime creature is knocked back by the mystic blast.
The titanic slime creature slams into the rock wall!
The titanic slime creature is severely wounded.
An orc warrior comes into view. It is wielding a +0 battleaxe.
Casting: Iskenderun's Mystic Blast (dangerous; 4% risk of failure)
Confirm with . or Enter, or press ? or * to list all spells.
You erupt in a blast of force!
The mystic blast hits the slime creature!
The slime creature is lightly wounded.
The slime creature is knocked back by the mystic blast.
The slime creature slams into the rock wall!
The slime creature is moderately wounded.
The mystic blast hits the titanic slime creature!
The titanic slime creature is severely wounded.
The titanic slime creature is knocked back by the mystic blast.
The titanic slime creature slams into the rock wall!
The titanic slime creature is severely wounded.
Casting: Iskenderun's Mystic Blast (dangerous; 4% risk of failure)
Confirm with . or Enter, or press ? or * to list all spells.
You erupt in a blast of force!
The mystic blast hits the orc priest!
The orc priest is severely wounded.
The orc priest is knocked back by the mystic blast.
The orc priest slams into the rock wall!
You kill the orc priest!
The mystic blast hits the slime creature!!
The slime creature is severely wounded.
The slime creature is knocked back by the mystic blast.
The slime creature slams into the rock wall!
The slime creature is severely wounded.
The mystic blast hits the titanic slime creature!
The titanic slime creature is severely wounded.
The titanic slime creature is knocked back by the mystic blast.
The titanic slime creature slams into the rock wall!
The titanic slime creature is severely wounded.
An ogre comes into view. It is wielding a +0 giant club.
Casting: Iskenderun's Mystic Blast (dangerous; 4% risk of failure)
Confirm with . or Enter, or press ? or * to list all spells.
You erupt in a blast of force!
The mystic blast hits the slime creature!
The slime creature is almost dead.
The slime creature is knocked back by the mystic blast.
The slime creature slams into the rock wall!
You kill the slime creature!
The mystic blast hits the titanic slime creature!!
The titanic slime creature is almost dead.
The titanic slime creature is knocked back by the mystic blast.
The titanic slime creature slams into the rock wall!
The titanic slime creature is almost dead.
The titanic slime creature hits you!!!!
Ouch! That really hurt!
You die...

#. .# #........> #.# .
.P........ .. .#
.......... .. .
....÷..... .###.# ##
#........ ..# O.#.#
#.##........
..o.o##..#####...........
#o.oJ#.#.##.#.........
#.#..#@.#..#.#.......).
##.#.#.#.#.#.........
#........##.#....)....
##..##....#.#....###.#
#.# #.###..#..)..##.. ##
### ##.#...#..##.
#######.#..###..#.
........#.##T##...
###.###....#B#....


You could see a titanic slime creature, a two-headed ogre, 2 orc warriors and 2
orcs.

Vanquished Creatures
  Gastronok (D:8)
  2 two-headed ogres
  Nergalle (D:11)
  Amaemon (D:9)
  Lodul (D:11)
  Pikel (D:4)
  A manticore (D:11)
  An orange demon (D:9)
  The ghost of Sabo the Chopper, a novice GrFi (D:5)
  2 kobold demonologists
  A slime creature (D:11)
  2 trolls
  Prince Ribbit (D:5)
  A wraith (D:11)
  A vampire (D:10)
  12 yaks
  Grum (D:8)
  A steam dragon (D:10)
  3 vampire mosquitoes (D:10)
  4 water moccasins
  An acid dragon (D:8)
  Duvessa (D:5)
  3 ice beasts
  3 orc warriors
  3 sky beasts
  3 wolves (D:8)
  10 ogres
  A centaur (D:8)
  A boggart (D:8)
  A lemure (D:4)
  7 kobold brigands
  2 gnoll sergeants
  3 scorpions
  5 bullfrogs
  A necrophage (D:4)
  5 wights (D:8)
  Dowan (D:5)
  8 killer bees
  10 howler monkeys
  An electric eel (D:8)
  A jelly (D:8)
  7 orc priests
  2 hounds
  2 gnoll boudas (D:8)
  2 iguanas
  2 orc wizards
  10 adders
  37 gnolls
  A white imp (D:5)
  An ufetubus (D:7)
  3 worms
  7 dart slugs
  38 orcs
  7 ball pythons
  11 endoplasms
  5 giant cockroaches
  3 goblins
  10 hobgoblins
  3 quokkas
  7 bats
  7 frilled lizards
  49 kobolds
  7 rats
331 creatures vanquished.

Vanquished Creatures (others)
  24 fulminant prisms
  61 fungi (D:11)
  66 plants
151 creatures vanquished.

Grand Total: 482 creatures vanquished

Notes
Turn   | Place    | Note
-------+----------+-------------------------------------------
     0 | D:1      | RascalDebosk the Djinni Conjurer began the quest for the
                  | Orb.
     0 | D:1      | RascalDebosk set off with the following spells memorised:
                  | Magic Dart, Searing Ray, Dazzling Flash, Fulminant Prism,
                  | Iskenderun's Mystic Blast.
     0 | D:1      | Reached XP level 1. HP: 15/15 MP: 0/0
   201 | D:1      | Reached XP level 2. HP: 20/22 MP: 0/0
   599 | D:1      | Reached skill level 1 in Fighting
   722 | D:1      | Reached XP level 3. HP: 19/27 MP: 0/0
   722 | D:1      | Learned a level 1 spell: Shock
  1986 | D:2      | Reached skill level 4 in Spellcasting
  1986 | D:2      | Reached XP level 4. HP: 25/33 MP: 0/0
  2976 | D:3      | Reached XP level 5. HP: 27/38 MP: 0/0
  2976 | D:3      | Learned a level 2 spell: Poisonous Vapours
  3185 | D:3      | Reached skill level 1 in Evocations
  3517 | D:3      | Noticed a kobold brigand
  3526 | D:3      | Killed a kobold brigand
  3527 | D:3      | Reached XP level 6. HP: 33/45 MP: 0/0
  3976 | D:3      | Reached skill level 5 in Spellcasting
  3976 | D:3      | Reached XP level 7. HP: 13/50 MP: 0/0
  3976 | D:3      | Learned a level 2 spell: Call Imp
  4465 | D:3      | Found a faded altar of an unknown god.
  4727 | D:4      | Noticed Pikel
  4736 | D:4      | Killed Pikel
  4737 | D:4      | Reached skill level 6 in Spellcasting
  4737 | D:4      | Reached XP level 8. HP: 37/58 MP: 0/0
  4989 | D:4      | Found a bloodstained altar of Trog.
  5062 | D:4      | Found a shimmering altar of Xom.
  5062 | D:4      | Found a sacrificial altar of Ru.
  5165 | D:4      | Found Onkoac's Assorted Antiques.
  5184 | D:4      | Bought a purple potion for 27 gold pieces
  5184 | D:4      | Bought a purple potion for 27 gold pieces
  5184 | D:4      | Bought a silvery potion for 27 gold pieces
  5184 | D:4      | Bought a scroll of identify for 60 gold pieces
  5615 | D:4      | Found Hioduwn's Antique Armour Shoppe.
  5625 | D:4      | Found Enuemuob's Assorted Antiques.
  5650 | D:4      | Bought a pink potion for 26 gold pieces
  5650 | D:4      | Bought a runed robe for 107 gold pieces
  6185 | D:5      | Entered Level 5 of the Dungeon
  6310 | D:5      | Found Kegaf's General Store.
  6350 | D:5      | Found a runed translucent gate.
  6352 | D:5      | Found a runed translucent gate.
  6353 | D:5      | Found a runed translucent gate.
  6353 | D:5      | Noticed Sabo's ghost (novice GrFi)
  6356 | D:5      | Identified the +1 scale mail "Qiejy" {Rampage rElec}
  6406 | D:5      | Reached skill level 5 in Fighting
  6406 | D:5      | Reached XP level 9. HP: 49/65 MP: 0/0
  6406 | D:5      | Learned a level 4 spell: Airstrike
  6485 | D:5      | Identified the +1 robe of Bater {Dex+4}
  6660 | D:5      | Noticed Prince Ribbit
  6673 | D:5      | Killed Prince Ribbit
  6674 | D:5      | Reached skill level 7 in Spellcasting
  6674 | D:5      | Reached skill level 5 in Evocations
  6737 | D:5      | Noticed Duvessa
  6737 | D:5      | Noticed Dowan
  6744 | D:5      | Killed Dowan
  6749 | D:5      | Killed Duvessa
  8770 | D:7      | Reached skill level 8 in Spellcasting
  8770 | D:7      | Reached XP level 10. HP: 28/73 MP: 0/0
  9042 | D:7      | Found an opulent altar of Gozag.
  9595 | D:7      | Found a staircase to the Ecumenical Temple.
  9602 | Temple   | Entered the Ecumenical Temple
  9696 | Temple   | Became a worshipper of Ashenzari the Shackled
  9809 | D:8      | Noticed Gastronok
  9813 | D:8      | Noticed Grum
  9821 | D:8      | Killed Grum
  9821 | D:8      | Killed Gastronok
  9822 | D:8      | Reached skill level 5 in Dodging
  9822 | D:8      | Reached skill level 9 in Spellcasting
  9932 | D:8      | Noticed a kobold demonologist
  9940 | D:8      | Killed a kobold demonologist
 11023 | D:8      | Reached XP level 11. HP: 77/81 MP: 0/0
 11023 | D:8      | Learned a level 5 spell: Blade Hands
 11883 | D:9      | Found a glowing golden altar of the Shining One.
 12068 | D:9      | Noticed Amaemon
 12071 | D:9      | Noticed a two-headed ogre
 12078 | D:9      | Killed Amaemon
 12079 | D:9      | Reached skill level 10 in Spellcasting
 12344 | D:9      | Killed a two-headed ogre
 13142 | D:9      | Reached skill level 1 in Armour
 13394 | D:5      | Killed Sabo's ghost
 13568 | D:10     | Entered Level 10 of the Dungeon
 13578 | D:10     | Found a transporter.
 13579 | D:10     | Found a transporter.
 13583 | D:10     | Found a transporter.
 13585 | D:10     | Found a transporter.
 13955 | D:10     | Noticed a two-headed ogre
 13971 | D:10     | Killed a two-headed ogre
 14025 | D:10     | Reached skill level 11 in Spellcasting
 14424 | D:11     | Reached XP level 12. HP: 88/90 MP: 0/0
 14433 | D:11     | Noticed Nergalle
 14517 | D:11     | Killed Nergalle
 14612 | D:11     | Reached skill level 10 in Fighting
 14612 | D:11     | Noticed a boulder beetle
 14671 | D:11     | Found a staircase to the Lair.
 14736 | D:11     | Noticed Lodul
 14751 | D:11     | Killed Lodul
 14978 | D:11     | Noticed a two-headed ogre
 14984 | D:11     | Demolished by a titanic slime creature

Illustrated notes

Levels and vault maps discovered:
D:1:      beargit_arrival_greenhouse, layout_basic, minmay_misc_feat_cross,
          minmay_liquid_box, grunt_decor_fettered, minmay_lizard_pond
D:2:      layout_loops_corners, roderic_roman_lattice, minmay_strange_pillars,
          minmay_vboxes
D:3:      minmay_goblin_kobold_castle, layout_loops_cross,
          shapermc_ecumenical_altar_notcrosses
D:4:      layout_loops_ring, grunt_temple_overflow_open, serial_shops,
          nicolae_shop_waterfront, nicolae_shop_overgrown_old_shop, shop,
          minmay_misc_feat_x, corexii_checkpoint_b, st_stairs_14, uniq_pikel
D:5:      layout_loops_ring, serial_shops, nicolae_shop_behind_doors,
          biasface_ghost_orc_armoury, uniq_duvessa, uniq_prince_ribbit1
D:6:      layout_cave_pools, hangedman_decor_peaks_small
D:7:      layout_gridville, grunt_gozag_statues, minmay_temple_entry_nine_rooms
D:8:      layout_loops_ring, kennysheep_island_fort, uniq_grum, uniq_gastronok
D:9:      layout_long_grid, nicolae_tso_carved_into_rock, minmay_crystal_room,
          uniq_amaemon
D:10:     layout_irregular_city, nicolae_transporter_circle
D:11:     layout_basic, due_lair_maze_entry_diamond, erik_orc_3, serial_curves,
          eino_curves_01, eino_curves_04, eino_curves_03, eino_curves_03,
          minmay_fractal_squares_gapless_5, uniq_lodul, uniq_nergalle
Temple:   lightli_temple_of_artemis

Skill      XL: |  1  2  3  4  5  6  7  8  9 10 11 12 |
---------------+-------------------------------------+-----
Fighting       | 1 2 3 4 5 6 8 9 10 | 10.3
Spellcasting   | 4 5 6 8 9 11 | 11.7
Evocations     | 1 2 3 4 5 |  5.0
Dodging        | 4 5 |  5.0
Armour         | 2 4 |  4.5
Stealth        | |  1.5

Action                   |  1- 3 |  4- 6 |  7- 9 | 10-12 || total
-------------------------+-------+-------+-------+-------++-------
Melee: Short sword       |       |     1 |    10 |       ||    11
       Spear             |       |       |     8 |    10 ||    18
       Great sword       |       |       |       |     2 ||     2
       Unarmed           |       |       |       |    12 ||    12
       Scimitar          |       |       |       |    16 ||    16
       Punch             |       |       |       |     1 ||     1
 Cast: Magic Dart        |    35 |       |     5 |     3 ||    43
       Shock             |    42 |    97 |   147 |   164 ||   450
       Fulminant Prism   |       |     3 |     4 |    17 ||    24
       Poisonous Vapours |       |     3 |    11 |    27 ||    41
       Searing Ray       |       |     1 |     7 |    10 ||    18
       Iskenderun's Myst |       |     5 |    23 |    93 ||   121
       Airstrike         |       |       |     2 |    16 ||    18
       Blade Hands       |       |       |       |     3 ||     3
  Use: Scroll            |       |       |     7 |    13 ||    20
       Potion            |       |       |       |     1 ||     1
Armor: Robe              |     1 |     3 |     9 |    15 ||    28
       Troll leather arm |       |       |       |     4 ||     4
Dodge: Dodged            |     9 |    11 |    40 |    74 ||   134
